 Dungeon Crawl Stone Soup version 0.27.0-1-g7a089689b8 (webtiles) character file.

Game seed: 17943685987384217502

134 seveneves the Skirmisher (level 4, -7/41 HPs)
             Began as a Minotaur Fighter on Aug 6, 2021.
             Succumbed to Ijyb's poison
             ... on level 3 of the Dungeon.
             The game lasted 00:04:34 (1817 turns).

seveneves the Skirmisher (Minotaur Fighter)         Turns: 1817, Time: 00:04:34

Health: -7/41      AC:  7    Str: 22    XL:     4   Next: 95%
Magic:  3/3        EV:  8    Int:  5    God:
Gold:   35         SH:  9    Dex:  9    Spells: 3/3 levels left

rFire    . . .     SeeInvis .   a - +0 long sword
rCold    . . .     Faith    .   c - +0 kite shield
rNeg     . . .     Spirit   .   b - +0 scale mail
rPois    .         Reflect  .   (helmet restricted)
rElec    .         Harm     .   (no cloak)
rCorr    .         Rampage  .   (no gloves)
Will     .....                  (no boots)
Stlth    ..........             (no amulet)
HPRegen  0.13/turn              (no ring)
MPRegen  0.08/turn              (no ring)

@: lethally poisoned (-7 -> -40)
A: horns 2, retaliatory headbutt
a: no special abilities


You were on level 3 of the Dungeon.
You visited 1 branch of the dungeon, and saw 3 of its levels.

You collected 35 gold pieces.

Inventory:

Hand Weapons
 a - a +0 long sword (weapon)
Armour
 b - a +0 scale mail (worn)
 c - a +0 kite shield (worn)
Scrolls
 e - 3 scrolls of identify {unknown}
 g - a scroll of enchant armour {unknown}
 h - a scroll of amnesia {unknown}
 i - a scroll of teleportation {unknown}
 l - a scroll of blinking {unknown}
 n - a scroll of fog {unknown}
 o - a scroll of enchant weapon {unknown}
Potions
 d - 2 potions of might
 f - a potion of attraction {unknown}
 j - a potion of lignification {unknown}
 k - a potion of haste {unknown}
 m - a potion of cancellation {unknown}


   Skills:
 + Level 4.8 Fighting
 + Level 3.4 Long Blades
 + Level 4.4 Armour
 + Level 1.0 Dodging
 + Level 0.2 Stealth
 + Level 4.5 Shields


You had 3 spell levels left.
You didn't know any spells.
Your spell library was empty.

Dungeon Overview and Level Annotations

Branches:
Dungeon (3/15)

Altars:

Annotations:
D:3 Ijyb


Innate Abilities, Weirdness & Mutations

You have a pair of horns on your head.
You reflexively headbutt those who attack you in melee.


Message History

The jackal bites you but does no damage.
You hit Ijyb. Your headbutt misses Ijyb.
Ijyb is lightly wounded.
You feel very sick. You block the jackal's attack.
Ijyb zaps a wand.
You suddenly lose the ability to move!
The jackal bites you but does no damage.
Ijyb screams, "Me stronger than you!"
Ijyb hits you with a +1 dagger of venom.
You are more poisoned.
You feel very sick.
The jackal bites you but does no damage.
Ijyb hits you with a +1 dagger of venom.
The jackal barely misses you.
You feel very sick.
The jackal bites you but does no damage.
Ijyb hits you with a +1 dagger of venom.
You are more poisoned.
You can move again.
You hit Ijyb but do no damage.
Ijyb is lightly wounded.
You feel very sick. You block the jackal's attack.
Ijyb hits you with a +1 dagger of venom.
The jackal bites you but does no damage.
You closely miss Ijyb. You headbutt Ijyb, but do no damage.
Ijyb is lightly wounded.
* * * LOW HITPOINT WARNING * * *
You feel very sick.
The jackal bites you but does no damage.
Ijyb hits you with a +1 dagger of venom.
* * * LOW HITPOINT WARNING * * *
You are more poisoned.
The jackal bites you but does no damage.
Ijyb hits you with a +1 dagger of venom.
* * * LOW HITPOINT WARNING * * *
You are more poisoned.
You hit Ijyb but do no damage. Your headbutt misses Ijyb.
Ijyb is lightly wounded.
You die...

##+# # #...# ####.##
## ..<..# #... . .##
......# ##.##.# ..##
......h####...#.##.##
...
......hh@gJ..........
..
......h####...#.##(##
. ......# ##.##.#
##### .....# #.##.# #
<...# #...# #.##.##.#
###.# ##+# #.......#
# #.# .# ####.#### #
#.# ###.###### #.# #
#.# #.....>..# #.#


You could see Ijyb, an endoplasm and 4 jackals.

Vanquished Creatures
  Natasha (thrice) (D:2)
  2 adders (D:2)
  A worm (D:2)
  A dart slug (D:2)
  2 endoplasms
  3 giant cockroaches
  5 goblins
  3 hobgoblins
  2 jackals (D:1)
  A quokka (D:2)
  A ball python (D:1)
  2 bats
  2 frilled lizards
  7 kobolds (D:1)
  6 rats
  A spectral goblin (D:1)
42 creatures vanquished.

Notes
Turn   | Place    | Note
-------+----------+-------------------------------------------
     0 | D:1      | seveneves the Minotaur Fighter began the quest for the Orb.
     0 | D:1      | Reached XP level 1. HP: 19/19 MP: 0/0
   129 | D:1      | Reached XP level 2. HP: 24/27 MP: 1/1
   177 | D:1      | Found a faded altar of an unknown god.
   951 | D:2      | Noticed Natasha
   956 | D:2      | Killed Natasha
   957 | D:2      | Reached XP level 3. HP: 29/34 MP: 2/2
  1245 | D:2      | Noticed Natasha
  1261 | D:2      | Killed Natasha
  1262 | D:2      | Reached XP level 4. HP: 41/41 MP: 3/3
  1315 | D:2      | Noticed Natasha
  1329 | D:2      | Killed Natasha
  1342 | D:2      | Reached skill level 1 in Dodging
  1806 | D:3      | Noticed Ijyb
  1812 | D:3      | Paralysed by Ijyb for 3 turns
  1817 | D:3      | Succumbed to Ijyb's poison

Illustrated notes

Levels and vault maps discovered:
D:1:      nicolae_arrival_washed_ashore, layout_loops_corners,
          dreamdust_ecumenical_altar_drowned_temple
D:2:      layout_basic, uniq_natasha
D:3:      layout_loops_corners, led_xom_imps, serial_shops, shop,
          kennysheep_generic_room_12, uniq_ijyb

Skill      XL: |  1  2  3  4 |
---------------+-------------+-----
Fighting       | 4 |  4.8
Shields        | 4 |  4.5
Long Blades    | 3 |  3.4
Armour         | 4 |  4.4
Dodging        | 1 |  1.0
Stealth        | |  0.2

Action                   |  1- 3 |  4- 6 || total
-------------------------+-------+-------++-------
Melee: Long sword        |    72 |    41 ||   113
       Headbutt          |    17 |     6 ||    23
Armor: Scale mail        |    42 |    24 ||    66
Dodge: Dodged            |    33 |    14 ||    47
Block: Kite shield       |    30 |    20 ||    50
       Rpst.: Long sword |     7 |       ||     7
